Map: Frostline LE

Players

GangusKaun - Winner!

  • Race: Protoss Protoss
  • League: Gold
  • Spawn Location: 7:00

cupcake

  • Race: Zerg Zerg
  • League: Silver
  • Spawn Location: 1:00

VOD

Have the link to the VOD?

Description

Time

  • Played on: Dec. 8, 2024, 3:53 p.m.
  • Length: 13:46
Show
View Real Time Build Order
Export as new Build Order

GangusKaun Protoss - Winner!

Build Orders: 1 Gate Expand, Oracle Opening 

Get SALT Encoding   

  12  0:00  Probe  
  13  0:12  Probe  
  14  0:19  Pylon  
  14  0:26  Probe  
  15  0:38  Probe  
  16  0:44  Gateway  
  16  0:50  Probe  
  17  1:02  Probe  
  17  1:03  Assimilator  
  17  1:18  Probe  
  18  1:30  Probe  
  18  1:31  Nexus  
  19  1:44  Cybernetics Core  
  19  1:49  Probe  
  20  2:00  Assimilator  
  20  2:01  Probe  
  21  2:12  Pylon  
  21  2:13  Probe  
  22  2:25  Gateway, Probe  
  23  2:30  Adept  
  25  2:38  Probe  
  26  2:45  Stargate  
  26  2:49  Probe  
  27  2:55  Shield Battery  
  27  2:57  Probe  
  28  3:00  Adept  
  28  3:01  Probe  
  31  3:09  Probe  
  31  3:11  Warp Gate  
  32  3:13  Probe  
  32  3:17  Assimilator, Adept  
  35  3:21  Probe  
  36  3:32  Adept  
  38  3:40  Probe  
  39  3:48  Assimilator  
  39  3:53  Nexus  
  39  3:56  Pylon, Oracle  
  42  4:08  Pylon  
  42  4:11  Probe x2  
  44  4:23  Probe  
  45  4:28  Probe  
  46  4:35  Probe  
  46  4:36  Pylon  
  47  4:39  Gateway  
  47  4:40  Probe  
  47  4:44  Gateway  
  48  4:59  Pylon  
  48  5:05  Probe x2  
  50  5:08  Oracle  
  53  5:32  Adept  
  53  5:33  Adept x2  
  53  5:49  Zealot  
  47  6:04  Zealot x2  
  51  6:12  Probe x3  
  51  6:15  Gateway  
  52  6:19  Oracle  
  52  6:24  Probe  
  56  6:35  Gateway  
  56  6:44  Zealot x3  
  62  7:11  Probe x2  
  64  7:16  Robotics Facility  
  64  7:19  Pylon  
  64  7:21  Phoenix  
  66  7:32  Forge, Twilight Council  
  62  7:44  Phoenix  
  60  7:52  Stalker x3  
  60  7:53  Stalker x2  
  57  8:16  Stalker x4  
  57  8:17  Stalker  
  58  8:21  Probe x3  
  57  8:34  Phoenix  
  57  8:39  Stalker  
  57  8:40  Stalker x3  
  57  8:41  Stalker  
  65  8:46  Shield Battery  
  67  8:52  Probe x2  
  67  8:53  Probe  
  70  8:57  Phoenix  
  70  9:04  Probe  
  71  9:11  Probe  
  71  9:15  Probe  
  71  9:16  Probe  
  74  9:19  Protoss Ground Weapons Level 1, Probe  
  74  9:22  Charge  
  75  9:27  Probe  
  75  9:29  Probe x2  
  78  9:39  Probe  
  78  9:41  Probe x2  
  81  9:46  Pylon  
  81  9:50  Pylon  
  81  9:51  Probe  
  82  9:53  Photon Cannon, Probe x2  
  82  9:59  Shield Battery  
  84  10:01  Assimilator  
  84  10:03  Probe  
  84  10:04  Assimilator, Photon Cannon  
  84  10:07  Photon Cannon  
  84  10:09  Shield Battery  
  72  10:22  Phoenix  
  74  10:40  Stargate  
  74  10:41  Photon Cannon  
  74  10:44  Photon Cannon  
  74  10:45  Phoenix  
  74  10:47  Photon Cannon  
  76  10:51  Photon Cannon  
  76  11:14  Immortal  
  76  11:22  Zealot x4  
  88  11:32  Probe x2  
  90  11:38  Photon Cannon  
  90  11:40  Photon Cannon  
  90  11:42  Pylon, Phoenix  
  90  11:44  Pylon  
  90  11:51  Photon Cannon  
  92  11:54  Phoenix  
  94  12:02  Pylon  
  94  12:04  Pylon  
  94  12:08  Pylon  
  94  12:14  Pylon  
  94  12:19  Pylon  
  94  12:21  Pylon  
  87  12:37  Phoenix x2  
  91  12:46  Stalker x2  
  91  13:02  Phoenix  
  91  13:05  Probe x3  
  96  13:14  Pylon  
  96  13:17  Pylon, Probe x3  
  99  13:20  Pylon  
  99  13:29  Probe x2  
  101  13:37  Stalker x2  
Show
View Real Time Build Order
Export as new Build Order

cupcake Zerg 

Build Orders: Hatch First 

Get SALT Encoding   

  12  0:01  Drone  
  13  0:13  Overlord  
  13  0:21  Drone  
  14  0:32  Drone x2  
  16  0:39  Drone  
  17  0:55  Drone  
  18  1:11  Extractor  
  18  1:12  Drone  
  18  1:19  Hatchery  
  18  1:23  Drone x2  
  19  1:27  Spawning Pool  
  19  1:30  Drone  
  19  1:41  Overlord  
  19  1:52  Drone  
  20  2:03  Drone  
  21  2:12  Drone  
  21  2:15  Queen  
  22  2:20  Metabolic Boost  
  24  2:26  Drone  
  25  2:31  Queen  
  25  2:32  Drone  
  28  2:46  Zergling x4  
  28  2:49  Zergling x2  
  31  2:55  Overlord  
  31  2:58  Zergling x2  
  31  3:02  Lair  
  32  3:11  Zergling x2  
  33  3:14  Zergling x2  
  34  3:26  Zergling x2  
  34  3:27  Zergling x6  
  36  3:30  Zergling x4  
  40  3:43  Overlord x2  
  40  3:44  Overlord  
  40  3:47  Zergling x2  
  41  3:49  Zergling x2  
  41  3:50  Zergling x2  
  43  3:57  Zergling x2  
  43  4:01  Zergling x4  
  43  4:02  Zergling x2  
  47  4:14  Zergling x10  
  52  4:23  Zergling x4  
  54  4:25  Zergling x2  
  54  4:31  Zergling x6  
  57  4:34  Zergling x2  
  59  4:41  Spire  
  59  4:45  Extractor, Drone  
  59  4:48  Drone x3  
  59  4:49  Drone  
  62  4:54  Extractor  
  62  4:57  Extractor  
  60  5:08  Drone x3  
  60  5:10  Drone  
  64  5:15  Drone x2  
  53  5:42  Zergling x10  
  53  5:48  Zergling x6  
  49  6:09  Zergling x2  
  50  6:16  Zergling x10  
  50  6:17  Zergling x2  
  50  6:38  Zerg Flyer Weapons Level 1  
  49  6:46  Mutalisk x3  
  49  6:47  Mutalisk x3  
  50  6:52  Mutalisk  
  62  6:57  Drone x4  
  62  6:58  Drone  
  62  7:01  Drone  
  65  7:15  Hatchery  
  64  7:17  Extractor  
  63  7:28  Drone x3  
  66  7:31  Drone x2  
  66  7:34  Overlord  
  66  7:35  Overlord x2  
  61  8:41  Mutalisk x2  
  61  8:42  Mutalisk x3  
  61  8:46  Mutalisk x3  
  61  8:47  Mutalisk x2  
  75  8:49  Queen  
  75  8:50  Mutalisk x2  
  75  8:52  Mutalisk  
  74  9:15  Zerg Flyer Armor Level 1  
  74  9:19  Mutalisk  
  74  9:20  Mutalisk  
  78  9:34  Drone x2  
  80  9:53  Extractor  
  67  10:58  Mutalisk x2  
  67  10:59  Mutalisk x5  
  67  11:00  Mutalisk x2  
  67  11:03  Overlord x2  
  67  11:04  Overlord x7  
  85  11:10  Infestation Pit  
  84  11:16  Drone x5  
  89  11:42  Drone x3  
  92  11:49  Mutalisk x3  
  98  11:56  Mutalisk x3  
  98  11:57  Mutalisk x4  
  112  12:01  Mutalisk  
  112  12:04  Overlord x2  
  112  12:05  Overlord x4  
  76  13:17  Mutalisk x3  
  76  13:18  Mutalisk x3  
  88  13:20  Mutalisk x2  
  88  13:21  Mutalisk x2  
Tags
 
Add a new tag
Caveats
  • Supply blocks, unpowered buildings, or Contaminate may cause inaccurate times.
  • Supply counts are checked every 10 seconds.